 Dungeon Crawl Stone Soup version 0.28-a0-863-g8cecda6153 (webtiles) character file.

Game seed: 9727174730018862334

561 bande the Chopper (level 7, -13/44 HPs)
             Began as a Gargoyle Fighter on Nov 18, 2021.
             Mangled by an ogre (18 damage)
             ... on level 5 of the Dungeon.
             The game lasted 00:09:58 (5566 turns).

bande the Chopper (Gargoyle Fighter)                Turns: 5566, Time: 00:09:58

Health: -13/44     AC: 21    Str: 21    XL:     7   Next: 31%
Magic:  7/7        EV:  6    Int:  8    God:
Gold:   299        SH:  4    Dex: 10    Spells: 6/6 levels left

rFire   . . .      SeeInvis .   a - +1 war axe
rCold   + . .      Faith    .   c - +0 buckler
rNeg    + . .      Spirit   .   n - +0 plate armour
rPois   ∞          Reflect  .   (no helmet)
rElec   +          Harm     .   (no cloak)
rCorr   .          Rampage  .   (no gloves)
Will    .....                   (no boots)
Stlth   ..........              (no amulet)
HPRegen 0.14/turn               e - ring of protection from cold
MPRegen 0.10/turn               h - +4 ring of protection

@: no status effects
A: sickness immunity, AC +4, negative energy resistance 1, electricity
resistance, torment resistance 1, petrification resistance
a: no special abilities


You were on level 5 of the Dungeon.
You visited 1 branch of the dungeon, and saw 5 of its levels.
You also visited: Sewer.

You collected 299 gold pieces.

Inventory:

Hand Weapons
 a - a +1 war axe (weapon)
Missiles
 o - a throwing net (quivered)
Armour
 c - a +0 buckler (worn)
 n - a +0 plate armour (worn)
Jewellery
 e - a ring of protection from cold (left hand)
 f - a ring of flight
 h - a +4 ring of protection (right hand)
Wands
 p - a wand of iceblast (5)
Scrolls
 g - a scroll of summoning
 k - 6 scrolls of teleportation
 s - a scroll of magic mapping
Potions
 b - 4 potions of flight
 d - 2 potions of might
 i - a potion of magic
 j - 2 potions of heal wounds
 l - a potion of cancellation
 m - a potion of mutation {unknown}
 q - a potion of curing
 r - a potion of brilliance {unknown}


   Skills:
 + Level 4.5 Fighting
 + Level 5.0 Axes
 + Level 4.8 Armour
 - Level 0.8 Stealth
 + Level 4.7 Shields


You had 6 spell levels left.
You didn't know any spells.
Your spell library contained the following spells:

 Spells                   Type           Power      Damage    Failure   Level
 Call Canine Familiar     Summ           0%         N/A       100%        3
 Portal Projectile        Hex/Tloc       0%         N/A       100%        3
 Leda's Liquefaction      Hex/Erth       0%         N/A       100%        4


Dungeon Overview and Level Annotations

Branches:
Dungeon (5/15)              Sewer (visited)
 Temple: D:4-7

Altars:

Shops:
D:1 [   D:2 :


Innate Abilities, Weirdness & Mutations

You are immune to sickness and miasma.
Your stone body is resilient. (AC +4)
You are immune to poison.
You resist negative energy. (rN+)
You are resistant to electric shocks. (rElec)
You are resistant to unholy torment.
You are immune to petrification.


Message History

The ogre is moderately wounded.
The ogre barely misses you.
You barely miss the ogre.
The ogre is moderately wounded.
You block the ogre's attack.
You barely miss the ogre.
The ogre is moderately wounded.
The ogre hits you with a +0 giant spiked club!
You are too injured to fight recklessly!
You are too injured to fight recklessly!
You are too injured to fight recklessly!
You are too injured to fight recklessly!
You barely miss the ogre.
The ogre is moderately wounded.
The ogre closely misses you.
You barely miss the ogre.
The ogre is moderately wounded.
The ogre closely misses you.
You hit the ogre but do no damage.
The ogre is moderately wounded.
The ogre hits you with a +0 giant spiked club!
* * * LOW HITPOINT WARNING * * *
You slash the ogre!
The ogre is severely wounded.
The ogre hits you with a +0 giant spiked club.
* * * LOW HITPOINT WARNING * * *
You hit the ogre.
The ogre is almost dead.
The ogre hits you with a +0 giant spiked club.
* * * LOW HITPOINT WARNING * * *
You hit the ogre but do no damage.
The ogre is almost dead.
The ogre barely misses you.
You barely miss the ogre.
The ogre is almost dead.
The ogre hits you but does no damage.
You completely miss the ogre.
The ogre is almost dead.
The ogre hits you with a +0 giant spiked club!!
You die...

#.....#
#....##
##...##
#....# ##.#.#
#.#.## #.
###..#
#####....
##.##
####.O..#
#..#####...@#
#..#....#####
##...####
#####


You could see an ogre.

Vanquished Creatures
  An ogre (D:4)
  Blork the orc (D:4)
  An orc priest (D:3)
  Terence (D:2)
  An iguana (D:4)
  A merfolk avatar (Sewer)
  A merfolk siren (Sewer)
  10 adders
  4 gnolls
  3 river rats (Sewer)
  A worm (D:3)
  2 dart slugs
  3 orcs
  11 ball pythons
  8 bats
  9 endoplasms
  5 giant cockroaches
  8 goblins
  10 hobgoblins
  7 jackals (D:1)
  8 quokkas
  11 frilled lizards
  6 kobolds
  25 rats
138 creatures vanquished.

Notes
Turn   | Place    | Note
-------+----------+-------------------------------------------
     0 | D:1      | bande the Gargoyle Fighter began the quest for the Orb.
     0 | D:1      | Reached XP level 1. HP: 14/14 MP: 1/1
    82 | D:1      | Reached XP level 2. HP: 19/19 MP: 2/2
   420 | D:1      | Found Rikayx's Armour Shop.
   527 | D:1      | Reached skill level 2 in Axes
   527 | D:1      | Reached XP level 3. HP: 22/24 MP: 3/3
  1383 | D:2      | Found Fucwac's Book Emporium.
  1449 | D:2      | Reached XP level 4. HP: 26/29 MP: 4/4
  1747 | D:2      | Noticed Terence
  1757 | D:2      | Killed Terence
  1758 | D:2      | Reached XP level 5. HP: 30/33 MP: 5/5
  2307 | D:2      | Reached skill level 3 in Axes
  3495 | D:4      | Reached XP level 6. HP: 38/38 MP: 6/6
  3534 | D:4      | Found a glowing drain.
  3575 | Sewer    | Entered a sewer
  4211 | Sewer    | Reached skill level 4 in Axes
  4837 | D:4      | Noticed Blork the orc
  4849 | D:4      | Killed Blork the orc
  4850 | D:4      | Reached XP level 7. HP: 20/44 MP: 7/7
  4855 | D:4      | HP: 1/44 [adder (4)]
  5271 | D:4      | Reached skill level 5 in Axes
  5438 | D:5      | Entered Level 5 of the Dungeon
  5566 | D:5      | Mangled by an ogre

Illustrated notes

Levels and vault maps discovered:
D:1:      dpeg_arrival_signposts, layout_basic, serial_shops, shop,
          minmay_misc_feat_room
D:2:      layout_rooms, serial_shops, nicolae_diamond_shop, minmay_pentomino_w4,
          uniq_terence
D:3:      layout_loops_ring
D:4:      layout_cave_pools, gup_sewer_entry_glass, kennysheep_generic_room_15,
          uniq_blork_the_orc
D:5:      layout_cave_pods, uniq_duvessa

Skill      XL: |  1  2  3  4  5  6  7 |
---------------+----------------------+-----
Axes           | 2 3 4 5 |  5.0
Shields        | 4 |  4.7
Fighting       | 4 |  4.5
Armour         | 4 |  4.8
Stealth        | |  0.8

Action                   |  1- 3 |  4- 6 |  7- 9 || total
-------------------------+-------+-------+-------++-------
Melee: War axe           |   117 |   317 |    31 ||   465
  Use: Scroll            |     3 |     6 |     2 ||    11
       Potion            |       |     1 |     1 ||     2
Armor: Scale mail        |   111 |    79 |       ||   190
       Plate armour      |       |   180 |    13 ||   193
Dodge: Dodged            |    75 |   150 |    12 ||   237
Block: Buckler           |    33 |    73 |     4 ||   110

Table legend: (Time is in decaauts)
 A = Elapsed time spent in this place.
 B = Non-inter-level travel time spent in this place.
 C = Inter-level travel time spent in this place.
 D = Time resting spent in this place.
 E = Time spent auto-exploring this place.
 F = Levels seen in this place.
 G = Mean time per level.
                   A        B        C        D        E       F      G
               +--------+--------+--------+--------+--------+-----+--------+
         Total |   5780 |   5740 |     40 |   1378 |   3032 |   6 |  963.3 |
       Dungeon |   4724 |   4684 |     40 |    933 |   2717 |   5 |  944.8 |
         Sewer |   1056 |   1056 |      0 |    445 |    315 |   1 | 1056.0 |
               +--------+--------+--------+--------+--------+-----+--------+

Top non-repeatable levels by time:
     D:1: 1411 daAuts
     D:2: 1144 daAuts
     D:4: 1133 daAuts
   Sewer: 1056 daAuts
     D:3: 904 daAuts
     D:5: 130 daAuts
